 Dungeon Crawl Stone Soup version 0.21-a0-228-g14ccbf3 (webtiles) character file.

298 tof the Grave Robber (level 6, 0/45 HPs)
             Began as a Hill Orc Necromancer on Aug 31, 2017.
             Slain by an orc
             ... wielding a +0 hand axe
              (4 damage)
             ... on level 4 of the Dungeon.
             The game lasted 00:14:34 (4163 turns).

tof the Grave Robber (Hill Orc Necromancer)         Turns: 4163, Time: 00:14:35

Health: 0/45       AC:  2    Str: 11    XL:     6   Next: 35%
Magic:  2/9        EV: 13    Int: 17    God:
Gold:   115        SH:  0    Dex: 13    Spells: 7/9 levels left

rFire    . . .     SeeInvis .   a - +2 short sword (speed)
rCold    . . .     Gourm    .   (no shield)
rNeg     . . .     Faith    .   k - +0 robe
rPois    .         Spirit   .   (no helmet)
rElec    .         Reflect  .   (no cloak)
rCorr    .         Harm     .   (no gloves)
MR       .....                  (no boots)
Stlth    ++........             (no amulet)
HPRegen  0.15/turn              f - +2 ring of dexterity
MPRegen  0.11/turn              (no ring)

@: no status effects
A: no striking features
a: Convert to Beogh


You were on level 4 of the Dungeon.
You were not hungry.

You visited 1 branch of the dungeon, and saw 4 of its levels.

You collected 115 gold pieces.

Inventory:

Hand Weapons
 a - a +2 short sword of speed (weapon)
 b - a +0 hunting sling of flaming
Missiles
 o - 40 stones (quivered)
Armour
 k - a +0 robe (worn)
Jewellery
 f - a +2 ring of dexterity (left hand)
Wands
 p - a wand of paralysis (12/24)
Scrolls
 d - a scroll of remove curse
 e - a scroll of immolation
 l - 3 scrolls of teleportation
Potions
 c - a potion of flight
 m - 4 potions of curing {unknown}
 n - a potion of invisibility {unknown}
 r - a potion of mutation {unknown}
Books
 g - a book of Necromancy

   Spells                             Type                      Level
   a - Pain                           Necromancy                   1
   b - Animate Skeleton               Necromancy                   1
   c - Vampiric Draining              Necromancy                   3
   d - Regeneration                   Charms/Necromancy            3
   e - Animate Dead                   Necromancy                   4
   f - Control Undead                 Necromancy                   4
Comestibles
 h - 2 fruits
 i - a royal jelly
 j - 3 bread rations


   Skills:
 + Level 1.0 Slings
 + Level 3.1 Dodging
 + Level 2.8 Stealth
 + Level 2.2 Spellcasting
 * Level 5.3 Necromancy


You had 7 spell levels left.
You knew the following spells:

 Your Spells              Type           Power        Failure   Level  Hunger
a - Pain                  Necr           ###.         1%          1    #......
b - Animate Skeleton      Necr           N/A          1%          1    #......


Dungeon Overview and Level Annotations

Branches:
Dungeon (4/15)
 Temple: D:4-7

Altars:
Cheibriados
Uskayaw
Xom
Zin

Annotations:
D:3 Gorglomux's ghost, amateur GnTm


Message History

Confirm with . or Enter, or press ? or * to list all spells.
Aiming: Pain
Press: ? - help, Shift-Dir - straight line, f/p - hound
Aim: a hound (moderately wounded, chance to defeat MR: 85%)
The hound barely resists.
The hound barely misses you. The orc misses you. The hound bites you.
Casting: Pain
Confirm with . or Enter, or press ? or * to list all spells.
Aiming: Pain
Press: ? - help, Shift-Dir - straight line, f/p - hound
Aim: a hound (moderately wounded, chance to defeat MR: 85%)
The hound writhes in agony!
The orc priest threatens, "By the altar or by the axe, you will meet Beogh!"
The orc priest shouts, "Join the one true god or die!"
The orc priest hits you with a war axe!
* * * LOW HITPOINT WARNING * * *
The hound bites you.
* * * LOW HITPOINT WARNING * * *
The orc hits you with a hand axe.
You die...

#)#..######
#.#......<#
#.##.####### #
#.##.......# .#
#.########.#
###(### ####.#
#.###.......
.....#
#...#.....#
.....#
########.#h....#
.....#
#........@oS...#
.....#
#.########o....#
.....# #.#
.....# .....#
#.# ######
....## #.#
########.#
......##.#
#####.##.#
#......#


You could see a hound, an orc priest, an adder and an orc.

Vanquished Creatures
  2 scorpions (D:4)
  A centaur skeleton (D:4)
  2 iguanas (D:4)
  A gnoll (D:1)
  2 adders (D:2)
  3 oozes
  2 dart slugs
  A leopard gecko (D:1)
  8 orcs
  5 bats
  A giant cockroach (D:2)
  4 goblins
  7 hobgoblins
  3 jackals (D:2)
  6 kobolds
  4 quokkas
  4 frilled lizards
  A quokka skeleton (D:4)
  5 rats
62 creatures vanquished.

Vanquished Creatures (collateral kills)
  A dart slug (D:1)
  2 bats (D:1)
  2 hobgoblins (D:1)
  A kobold (D:2)
  2 rats (D:1)
8 creatures vanquished.

Vanquished Creatures (others)
  A frilled lizard (D:4)
1 creature vanquished.

Grand Total: 71 creatures vanquished

Notes
Turn   | Place    | Note
-------+----------+-------------------------------------------
     0 | D:1      | tof the Hill Orc Necromancer began the quest for the Orb.
     0 | D:1      | Reached XP level 1. HP: 14/14 MP: 3/3
     3 | D:1      | Learned a level 1 spell: Animate Skeleton
   316 | D:1      | Reached XP level 2. HP: 18/20 MP: 0/4
   702 | D:1      | Reached XP level 3. HP: 20/26 MP: 0/5
  1665 | D:2      | Reached XP level 4. HP: 24/33 MP: 0/6
  2461 | D:2      | Noticed a dagger
  2474 | D:2      | Noticed an enchanted hand axe
  2476 | D:2      | Found a hide-covered altar of Uskayaw.
  2935 | D:3      | Found a snail-covered altar of Cheibriados.
  3387 | D:3      | Noticed Gorglomux's ghost (amateur GnTm)
  3581 | D:4      | Reached XP level 5. HP: 34/38 MP: 0/7
  3654 | D:4      | Reached skill level 5 in Necromancy
  3830 | D:4      | Reached skill level 1 in Slings
  3830 | D:4      | Reached XP level 6. HP: 41/45 MP: 3/9
  3983 | D:4      | Found a shimmering altar of Xom.
  3983 | D:4      | Found a glowing silver altar of Zin.
  3983 | D:4      | Noticed an angel
  4163 | D:4      | Slain by an orc

Vault maps used:
D:1:      lightli_iron_boxes
D:2:      dancing_weapons_uskayaw, first_bread, minmay_tromino_i4
D:3:      st_stairs_13, cheibriados_altar_1
D:4:      grunt_temple_overflow_order_and_chaos_1,
          chequers_temple_overflow_minitemple, trog_book

Skill      XL: |  1  2  3  4  5 |
---------------+----------------+-----
Dodging        | 2 3 |  3.1
Stealth        | 2 |  2.8
Spellcasting   | 2 |  2.2
Necromancy     | 5 |  5.3
Slings         | 1 |  1.0

Action                   |  1- 3 |  4- 6 || total
-------------------------+-------+-------++-------
Melee: Short sword       |    32 |    32 ||    64
       Hunting sling     |       |     1 ||     1
 Fire: Hunting sling     |       |    19 ||    19
 Cast: Pain              |    45 |    69 ||   114
       Animate Skeleton  |    14 |    15 ||    29
  Use: Scroll            |     3 |     3 ||     6
  Eat: Chunk             |     4 |     3 ||     7
       Bread ration      |       |     2 ||     2
Armor: Scale mail        |    19 |    11 ||    30
       Robe              |       |     4 ||     4
Dodge: Dodged            |    19 |    44 ||    63

Table legend:
 A = Spawn XP
 B = Non-spawn XP
 C = Spawn XP percentage of total XP
 D = Spawn monster count
 E = Non-spawn monster count
 F = Spawn count percentage of total count
 G = Total turns spent on level
                    A         B        C        D         E        F      G
               +---------+---------+-------+---------+---------+-------+---------
         Total |     151 |     275 |  35.4 |      15 |      55 |  21.4 |  4163
               +---------+---------+-------+---------+---------+-------+---------
           D:1 |      31 |      36 |  46.3 |      10 |      20 |  33.3 |  1635
           D:2 |      17 |      47 |  26.6 |       3 |      17 |  15.0 |  1171
           D:3 |       0 |      33 |   0.0 |       0 |      11 |   0.0 |   687
           D:4 |     103 |     159 |  39.3 |       2 |       7 |  22.2 |   670
               +---------+---------+-------+---------+---------+-------+---------
